 Dungeon Crawl Stone Soup version 0.25.1-2-g60ff931df9 (webtiles) character file.

Game seed: 8080719550996502487

752 Fractals the Charlatan (level 8, -2/72 HPs)
             Began as a Kobold Artificer on Nov 7, 2020.
             Slain by a wight
             ... wielding a +0 morningstar
              (6 damage)
             ... on level 6 of the Dungeon.
             The game lasted 00:21:19 (6519 turns).

Fractals the Charlatan (Kobold Artificer)           Turns: 6519, Time: 00:21:19

Health: -2/72      AC:  6    Str: 11    XL:     8   Next: 6%
Magic:  11/11      EV: 14    Int: 13    God:
Gold:   221        SH:  0    Dex: 15    Spells: 7/7 levels left

rFire    . . .     SeeInvis .   r - +3 short sword (venom)
rCold    . . .     Gourm    .   (shield restricted)
rNeg     . . .     Faith    .   p - +1 ring mail
rPois    +         Spirit   .   (no helmet)
rElec    .         Reflect  .   F - scarf {+Inv}
rCorr    .         Harm     .   (no gloves)
MR       .....                  (no boots)
Stlth    ..........             b - amulet of the acrobat
HPRegen  0.22/turn              D - ring of stealth
MPRegen  0.12/turn              w - ring of poison resistance

@: berserking, drained, very quick
A: small, carnivore
a: Evoke Invisibility


You were on level 6 of the Dungeon.
You were completely stuffed.

You visited 1 branch of the dungeon, and saw 8 of its levels.

You collected 286 gold pieces.
You spent 65 gold pieces at shops.

Inventory:

Hand Weapons
 m - a +0 hunting sling
 r - a +3 short sword of venom (weapon)
Missiles
 g - 76 bolts
 n - 156 stones (quivered)
 t - 10 boomerangs
Armour
 p - a +1 ring mail (worn)
 F - a scarf of invisibility (worn)
Jewellery
 b - an amulet of the acrobat (around neck)
 h - an uncursed ring of resist corrosion
 w - a ring of poison resistance (right hand)
 D - a ring of stealth (left hand)
Wands
 c - a wand of flame (8)
 d - a wand of enslavement (14)
 e - a wand of random effects (14)
 C - a wand of digging (7)
Scrolls
 a - 3 scrolls of fog
 i - 3 scrolls of identify
 k - a scroll of remove curse
 l - 2 scrolls of blinking
 y - 3 scrolls of teleportation
 B - a scroll of fear
Potions
 j - a potion of berserk rage
 o - 3 potions of flight
 q - a potion of degeneration {unknown}
 s - a potion of experience {unknown}
 u - 2 potions of haste
 x - 4 potions of curing
 A - a potion of heal wounds
 E - a potion of brilliance {unknown}
 G - a potion of stabbing {unknown}
Comestibles
 f - 7 rations
 v - a chunk of flesh


   Skills:
 - Level 4.0(3.1) Fighting
 + Level 3.5(2.7) Short Blades
 + Level 4.1(3.3) Armour
 - Level 4.0(3.1) Dodging
 - Level 4.0(3.1) Stealth
 + Level 4.8(4.0) Evocations


You had 7 spell levels left.
You didn't know any spells.
Your spell library contained the following spells:

 Spells                   Type           Power        Failure   Level  Hunger
 Beastly Appendage        Tmut           #.....       56%         1    ##.....
 Sticks to Snakes         Tmut           #.......     71%         2    ###....
 Spider Form              Tmut/Pois      #.........   91%         3    ####...
 Ice Form                 Ice/Tmut       #.......     100%        4    #####..
 Blade Hands              Tmut           #.........   100%        5    ######.


Dungeon Overview and Level Annotations

Branches:
Dungeon (8/15)
 Temple: D:4-7         Lair: D:8-11

Altars:
Ashenzari
Elyvilon
Fedhas
Makhleb
Qazlal
The Shining One

Shops:
D:4 !

Annotations:
D:7 Harold


Innate Abilities, Weirdness & Mutations

You are small and have problems with some larger weapons.
You are carnivorous and can eat meat at any time.


Message History

The wight hits you with a +3 spear.
* * * LOW HITPOINT WARNING * * *
You hit the wight but do no damage.
The wight is severely damaged.
The wight closely misses you. The wight misses you.
Things that are here:
a +4 great sword of freezing; a +0 robe You see here a leopard gecko skeleton.
A red film seems to cover your vision as you go berserk!
You feel yourself moving faster!
You feel mighty!
The wight hits you with a +0 morningstar.
* * * LOW HITPOINT WARNING * * *
The wight hits you from afar with a +3 spear.
* * * LOW HITPOINT WARNING * * *
You puncture the wight!
The wight is almost destroyed.
The wight completely misses you.
The wight hits you with a +0 morningstar.
You die...

#..(# #.#.# .#
##.......##.. ##...####.#
.....>...#..###.).......###
#..........##..#.#.#......
#..........##.............
#.........##.z.#.#.#......
#.........##z#..........#
#........###@#.#.#.#....##
#..........#.#............
#.......##..........####
#.......####......#.#
#.###...#.....##.##.#
##.###..>..#.####..#.######
#...............####......#
#....#....#........######.#
#.#######.#######.......#.#


You could see 2 wights.

Vanquished Creatures
  An orc warrior (D:7)
  2 wights (D:6)
  A bullfrog zombie (D:5)
  2 hounds
  3 orc priests
  A jelly (D:7)
  4 worker ants
  2 killer bee zombies (D:5)
  2 worker ant zombies (D:5)
  A gnoll (D:1)
  9 adders
  An ooze (D:1)
  3 worms
  A dart slug (D:1)
  5 leopard geckos
  13 orcs
  6 giant cockroaches
  4 goblins
  7 hobgoblins
  3 jackals (D:2)
  3 quokkas
  A ball python (D:4)
  12 bats
  7 frilled lizards
  7 kobolds
  9 rats
110 creatures vanquished.

Vanquished Creatures (collateral kills)
  A kobold (D:1)
1 creature vanquished.

Grand Total: 111 creatures vanquished

Notes
Turn   | Place    | Note
-------+----------+-------------------------------------------
     0 | D:1      | Fractals the Kobold Artificer began the quest for the Orb.
     0 | D:1      | Reached XP level 1. HP: 12/12 MP: 3/3
   108 | D:1      | Reached XP level 2. HP: 16/16 MP: 4/4
   390 | D:1      | Reached XP level 3. HP: 21/21 MP: 6/6
  1536 | D:2      | Reached XP level 4. HP: 26/26 MP: 7/7
  2016 | D:2      | Reached XP level 5. HP: 30/30 MP: 8/8
  2441 | D:3      | Found a glowing golden altar of the Shining One.
  2685 | D:3      | Found a glowing golden altar of the Shining One.
  2797 | D:2      | Reached skill level 1 in Armour
  3104 | D:3      | Reached XP level 6. HP: 31/35 MP: 9/9
  3548 | D:4      | Found Tuic's Distillery.
  3556 | D:4      | Bought a potion of heal wounds for 65 gold pieces
  4039 | D:4      | Found a sand-covered staircase.
  4323 | D:5      | Entered Level 5 of the Dungeon
  4819 | D:4      | Found a white marble altar of Elyvilon.
  4819 | D:4      | Found a burning altar of Makhleb.
  4997 | D:5      | Reached XP level 7. HP: 35/41 MP: 10/10
  5421 | D:5      | You fall into a shaft and drop 3 floors!
  5466 | D:7      | Found a stormy altar of Qazlal.
  5467 | D:7      | Found a blossoming altar of Fedhas.
  6176 | D:7      | Found a shattered altar of Ashenzari.
  6238 | D:7      | Noticed Harold
  6432 | D:6      | Reached XP level 8. HP: 48/48 MP: 11/11
  6519 | D:6      | Slain by a wight

Illustrated notes

Levels and vault maps discovered:
D:1:      sevenhm_arrival_forest_fort_large_1, layout_basic
D:2:      layout_basic, minmay_worlds_worst_comb
D:3:      layout_basic, overflow_temple_1_default,
          nicolae_tso_swordbearing_angel
D:4:      layout_cave_pools, gammafunk_temple_overflow_wave,
          nicolae_ossuary_entry_false_entrances, serial_shops, shop,
          first_ration
D:5:      layout_basic, minmay_temple_entry_tees, minmay_holes,
          kennysheep_cross_bottleneck, minmay_bent
D:6:      layout_rooms, serial_co_window_serial, co_window_paths_b,
          co_window_paths_a, co_window_of_opportunity_a,
          co_window_of_opportunity_a, co_window_paths_b,
          co_window_of_opportunity_c, co_window_unsneaky_path_a,
          co_window_corner_b, co_window_unsneaky_path_a,
          co_window_of_opportunity_c, co_window_2corner, co_window_broadway_a,
          co_window_sun, glass_columns_a, glass_columns_b, uniq_edmund
D:7:      layout_loops_ring, grunt_temple_overflow_gold_and_silver,
          grunt_temple_overflow_forces_of_nature, marbit_many_paths,
          ashenzari_conservatory_becter, uniq_harold
D:8:      layout_basic, minmay_manual_monolith, uniq_psyche, uniq_grum,
          uniq_joseph

Skill      XL: |  1  2  3  4  5  6  7 |
---------------+----------------------+-----
Evocations     | 4 |  4.8
Dodging        | 3 4 |  4.0
Fighting       | 2 3 4 |  4.0
Stealth        | 2 3 4 |  4.0
Short Blades   | 2 3 |  3.5
Armour         | 1 3 4 |  4.1

Action                   |  1- 3 |  4- 6 |  7- 9 || total
-------------------------+-------+-------+-------++-------
Melee: Short sword       |    96 |   226 |   113 ||   435
Throw: Stone             |    11 |    31 |     1 ||    43
Evoke: Wand              |     5 |     2 |     3 ||    10
  Use: Scroll            |     2 |    10 |     5 ||    17
       Potion            |       |       |     2 ||     2
 Stab: Sleeping          |     2 |     1 |     4 ||     7
       Distracted        |       |     1 |       ||     1
  Eat: Chunk             |    10 |    11 |     5 ||    26
Armor: Leather armour    |     9 |       |       ||     9
       Ring mail         |    17 |    67 |    24 ||   108
Dodge: Dodged            |    76 |   189 |    66 ||   331
